 Dungeon Crawl Stone Soup version 0.31-a0-1074-g0b22e4e0f1 (console) character file.

Game seed: 5159798048023013270

2690 jejorda2 the Cleaver (level 9, -3/74 HPs)
             Began as a Gnoll Berserker on Dec 7, 2023.
             Was a Priest of Trog.
             Slain by a killer bee (6 damage)
             ... on level 8 of the Dungeon.
             The game lasted 00:16:36 (6528 turns).

jejorda2 the Cleaver (Gnoll Berserker)              Turns: 6528, Time: 00:16:37

Health: -3/74      AC: 12    Str: 22    XL:     9   Next: 64%
Magic:  15/15      EV:  8    Int:  6    God:    Trog [***...]
Gold:   220        SH:  0    Dex: 11    Spells: 17/17 levels left

rFire   . . .        a - +3 battleaxe (elec)
rCold   . . .        (shield currently unavailable)
rNeg    . . .        j - +0 plate armour
rPois   .            (no helmet)
rElec   .            (no cloak)
rCorr   .            (no gloves)
SInv    .            (no boots)
Will    +....        (no amulet) Stlth
                     n - ring of willpower
HPRegen 0.32/turn    r - +4 ring of slaying
MPRegen 0.14/turn

%: no passive effects
@: marked, on berserk cooldown, hasted and slowed
A: fangs 1, strong nose, distributed training
a: Renounce Religion, Berserk, Trog's Hand


You were on level 8 of the Dungeon.
You worshipped Trog.
Trog was most pleased with you.
You visited 1 branch of the dungeon, and saw 8 of its levels.

You collected 532 gold pieces.
You spent 312 gold pieces at shops.

Inventory:

Hand Weapons
 a - a +3 battleaxe of electrocution (weapon)
 b - a +2 morningstar of flaming
 t - a +0 broad axe
Missiles
 h - 11 poisoned darts
 x - 4 atropa-tipped darts
Armour
 j - a +0 plate armour (worn)
 k - +0 swamp dragon scales
 m - a +4 ring mail of fire resistance
Jewellery
 e - a ring of flight
 n - a ring of willpower (left hand)
 r - a +4 ring of slaying (right hand)
 s - a ring of fire
Wands
 i - a wand of flame (27)
 o - a wand of paralysis (3)
Scrolls
 c - 7 scrolls of identify
 d - 4 scrolls of teleportation
 f - a scroll of revelation
 q - 2 scrolls of poison
 u - a scroll of fear {unknown}
Potions
 l - a potion of curing
 v - a potion of resistance
 z - a potion of ambrosia


   Skills:
 + Level 8.0 Fighting
 + Level 4.5 Short Blades
 + Level 4.5 Long Blades
 + Level 8.0 Axes
 + Level 4.5 Maces & Flails
 + Level 4.5 Polearms
 + Level 4.5 Staves
 + Level 4.5 Ranged Weapons
 + Level 4.5 Throwing
 + Level 6.5 Armour
 + Level 6.5 Dodging
 + Level 4.5 Stealth
 + Level 4.5 Shields
 + Level 4.5 Unarmed Combat
 + Level 4.5 Spellcasting
 + Level 3.7 Conjurations
 + Level 3.7 Hexes
 + Level 3.7 Summonings
 + Level 3.7 Necromancy
 + Level 3.7 Translocations
 + Level 3.7 Transmutations
 + Level 3.7 Fire Magic
 + Level 3.7 Ice Magic
 + Level 3.7 Air Magic
 + Level 3.7 Earth Magic
 + Level 3.7 Poison Magic
 + Level 5.0 Invocations
 + Level 4.5 Evocations
 + Level 4.1 Shapeshifting


You had 17 spell levels left.
You didn't know any spells.
Your spell library was empty.

Dungeon Overview and Level Annotations

Branches:
Dungeon (8/15)             Temple (0/1) D:4
   Lair: D:8-11

Altars:
Elyvilon
Okawaru
Ru
Sif Muna

Shops:
D:2 !   D:4 (

Annotations:
D:8 exclusion: orange demon, Amaemon


Innate Abilities, Weirdness & Mutations

You have very sharp teeth.
Your uncanny sense of smell can sniff out nearby items.
Your experience applies equally to all skills.


Message History

The killer bee stings you but does no damage.
You closely miss the killer bee. Your bite misses the killer bee.
The killer bee is heavily wounded.
You slash the orc!
You kill the orc!
Trog accepts your kill.
You are no longer berserk.
You are exhausted.
You feel yourself slow down.
You feel sick. The killer bee stings you.
* * * LOW HITPOINT WARNING * * *
You are lethally poisoned!
The killer bee poisons you!
Unknown command.
You feel better. The killer bee stings you.
* * * LOW HITPOINT WARNING * * *
The killer bee barely misses you. The orc barely misses you.
A howler monkey comes into view.
The killer bee stings you but does no damage.
It was a potion of haste.
You feel yourself speed up. The killer bee stings you.
* * * LOW HITPOINT WARNING * * *
The killer bee stings you but does no damage.
The orc hits you with a +0 dagger.
* * * LOW HITPOINT WARNING * * *
The killer bee barely misses you.
The howler monkey hoots and howls with incredible vigour!
The orc hits you but does no damage.
The sky beast hits you but does no damage.
A howler monkey comes into view.
Blink to where?
Press: ? - help, Dir - move target
As you read the scroll labelled MECHOU DUOROT, it crumbles to dust.
It was a scroll of blinking.
A howler monkey comes into view.
As you read the scroll labelled FUSOFE HULUCS, it crumbles to dust.
It is a scroll of amnesia.
You feel forgetful for a moment.
Your skin stops crawling.
You feel less strong-willed. The killer bee stings you.
You die...

*************,***,,,,,,,,,,,,,,,,
*....,,*,,,,,*..,,,,,,,,,,,,,*
*....,,*,,,,,*.#+*,,,,,,,,,,,*
*.....,,,,_,,,.#,*,,,,,,,,,,,*
*.....,*,,,,,*.#,********,****
*.....h*,,,,,*.#,* *,* *<
*......#**,#**.#,* *,* **
*.....h)##h###.#,* *,*
*......oY†Syy@.#,* *,*
****.......##.###.#,* *,*
,,,+....)..+,,..*.#,* *,*
****.......****####,********,*
*#######* *,,,,,,,,,,*
************


You could see a water moccasin, a sky beast, 2 howler monkeys, 2 killer bees and
an orc.

Vanquished Creatures
  Maggie (D:6)
  Prince Ribbit (D:8)
  A wraith (D:7)
  2 water moccasins
  An orc warrior (D:7)
  A black bear (D:7)
  An ogre (D:7)
  A phantom (D:4)
  A kobold brigand (D:7)
  The ghost of tallbingo the Sneak, an amateur SpBr (D:3)
  3 bullfrogs
  3 scorpions
  4 killer bees (D:8)
  5 howler monkeys
  A jelly (D:5)
  3 hounds (D:5)
  A gnoll bouda (D:7)
  An orc priest (D:4)
  A sleepcap (D:6)
  An iguana (D:4)
  Terence (D:2)
  5 orc wizards
  8 gnolls
  3 adders
  A shadow imp (D:7)
  A white imp (D:5)
  5 dart slugs
  22 orcs
  10 ball pythons
  9 endoplasms
  2 giant cockroaches (D:3)
  7 goblins
  12 hobgoblins
  2 quokkas
  7 bats
  4 frilled lizards
  10 kobolds
  3 rats
146 creatures vanquished.

Notes
Turn   | Place    | Note
-------+----------+-------------------------------------------
     0 | D:1      | jejorda2 the Gnoll Berserker began the quest for the Orb.
     0 | D:1      | Reached XP level 1. HP: 23/23 MP: 1/1
    67 | D:1      | You fall into a shaft and drop 1 floor!
    67 | D:2      | Found Onutsujasu's Distillery.
   139 | D:2      | Reached XP level 2. HP: 29/29 MP: 2/2
   265 | D:1      | Found a faded altar of an unknown god.
   435 | D:1      | Reached XP level 3. HP: 23/35 MP: 3/3
   544 | D:1      | Reached ** piety under Trog
   823 | D:1      | Reached skill level 1 in Invocations
  1168 | D:2      | Reached skill level 1 in Short Blades
  1168 | D:2      | Reached skill level 1 in Long Blades
  1168 | D:2      | Reached skill level 1 in Maces & Flails
  1168 | D:2      | Reached skill level 1 in Polearms
  1168 | D:2      | Reached skill level 1 in Staves
  1168 | D:2      | Reached skill level 1 in Ranged Weapons
  1168 | D:2      | Reached skill level 1 in Throwing
  1168 | D:2      | Reached skill level 1 in Stealth
  1168 | D:2      | Reached skill level 1 in Shields
  1168 | D:2      | Reached skill level 1 in Unarmed Combat
  1168 | D:2      | Reached skill level 1 in Spellcasting
  1168 | D:2      | Reached skill level 1 in Evocations
  1177 | D:2      | Reached skill level 1 in Shapeshifting
  1177 | D:2      | Reached XP level 4. HP: 28/41 MP: 5/5
  1324 | D:2      | Noticed Terence
  1334 | D:2      | Killed Terence
  1335 | D:2      | Reached skill level 1 in Conjurations
  1335 | D:2      | Reached skill level 1 in Hexes
  1335 | D:2      | Reached skill level 1 in Summonings
  1335 | D:2      | Reached skill level 1 in Necromancy
  1335 | D:2      | Reached skill level 1 in Translocations
  1335 | D:2      | Reached skill level 1 in Transmutations
  1335 | D:2      | Reached skill level 1 in Fire Magic
  1335 | D:2      | Reached skill level 1 in Ice Magic
  1335 | D:2      | Reached skill level 1 in Air Magic
  1335 | D:2      | Reached skill level 1 in Earth Magic
  1335 | D:2      | Reached skill level 1 in Poison Magic
  1685 | D:3      | Reached XP level 5. HP: 47/47 MP: 5/7
  2036 | D:3      | Found a runed translucent door.
  2040 | D:3      | Noticed tallbingo's ghost (amateur SpBr)
  2122 | D:3      | Found a sacrificial altar of Ru.
  2554 | D:3      | Killed tallbingo's ghost
  2657 | D:4      | Reached XP level 6. HP: 43/53 MP: 8/8
  2660 | D:4      | Reached skill level 5 in Armour
  2660 | D:4      | Reached skill level 5 in Dodging
  2702 | D:4      | Found a white marble altar of Elyvilon.
  3028 | D:4      | Found an iron altar of Okawaru.
  3107 | D:4      | Found Yguuc's Weapon Shoppe.
  3162 | D:4      | Reached XP level 7. HP: 38/59 MP: 10/10
  3309 | D:4      | Found a staircase to the Ecumenical Temple.
  3714 | D:2      | Bought a potion of curing for 30 gold pieces
  3791 | D:5      | Entered Level 5 of the Dungeon
  4474 | D:4      | Bought a +2 battleaxe of electrocution for 282 gold pieces
  4728 | D:6      | Reached XP level 8. HP: 67/67 MP: 12/12
  4857 | D:6      | Noticed Maggie
  4866 | D:6      | Killed Maggie
  5263 | D:7      | Noticed a wraith
  5264 | D:7      | Found a shimmering blue altar of Sif Muna.
  5274 | D:7      | Killed a wraith
  5425 | D:7      | Reached *** piety under Trog
  5434 | D:7      | Reached XP level 9. HP: 42/73 MP: 14/14
  6458 | D:8      | Noticed Amaemon
  6458 | D:8      | Noticed an orange demon
  6504 | D:8      | Noticed Prince Ribbit
  6511 | D:8      | Killed Prince Ribbit
  6512 | D:8      | Reached skill level 5 in Invocations
  6526 | D:8      | HP: 2/74 [orc/+0 dagger (3)]
  6528 | D:8      | Slain by a killer bee

Illustrated notes

Levels and vault maps discovered:
D:1:      tarquinn_simple_flora_water_f, layout_basic,
          shapermc_ecumenical_altar_flowoftime
D:2:      layout_basic, serial_shops, nicolae_shop_industrial_runoff,
          minmay_hexomino_c4, uniq_terence
D:3:      layout_loops_ring, nicolae_ru_the_path_less_chosen,
          gammafunk_ghost_grave
D:4:      layout_loops_cross, mainiacjoe_overflow_cross_hatched,
          okawaru_trees_2, minmay_temple_entry_arrows, serial_shops,
          shop_fountains
D:5:      layout_loops_ring
D:6:      layout_rooms, serial_bayou_crossing, uniq_maggie
D:7:      layout_loops_corners, mainiacjoe_overflow_concentric_impassable,
          blue_anna_alchemist, dk_noncrumbling_4
D:8:      layout_basic, nicolae_kikubaaqudgha_miasma_corner, kennysheep_mini,
          gup_ossuary_entry_pyramid, dreamdust_princess_bridge,
          nicolae_zen_rock_garden, nicolae_shop_fire_sale
          [nicolae_sub_dead_trees], serial_bayou_lake_a, uniq_prince_ribbit1,
          uniq_amaemon, uniq_gastronok

Skill      XL: |  1  2  3  4  5  6  7  8  9 |
---------------+----------------------------+-----
Invocations    | 1 2 3 4 5 |  5.0
Short Blades   | 1 2 3 4 |  4.5
Long Blades    | 1 2 3 4 |  4.5
Maces & Flails | 1 2 3 4 |  4.5
Polearms       | 1 2 3 4 |  4.5
Staves         | 1 2 3 4 |  4.5
Ranged Weapons | 1 2 3 4 |  4.5
Throwing       | 1 2 3 4 |  4.5
Stealth        | 1 2 3 4 |  4.5
Shields        | 1 2 3 4 |  4.5
Unarmed Combat | 1 2 3 4 |  4.5
Spellcasting   | 1 2 3 4 |  4.5
Evocations     | 1 2 3 4 |  4.5
Shapeshifting  | 1 2 3 4 |  4.1
Conjurations   | 1 2 3 |  3.7
Hexes          | 1 2 3 |  3.7
Summonings     | 1 2 3 |  3.7
Necromancy     | 1 2 3 |  3.7
Translocations | 1 2 3 |  3.7
Transmutations | 1 2 3 |  3.7
Fire Magic     | 1 2 3 |  3.7
Ice Magic      | 1 2 3 |  3.7
Air Magic      | 1 2 3 |  3.7
Earth Magic    | 1 2 3 |  3.7
Poison Magic   | 1 2 3 |  3.7
Armour         | 5 6 |  6.5
Dodging        | 5 6 |  6.5
Fighting       | 7 8 |  8.0
Axes           | 7 8 |  8.0

Action                     |  1- 3 |  4- 6 |  7- 9 || total
---------------------------+-------+-------+-------++-------
  Melee: Hand axe          |   125 |   228 |    31 ||   384
         Bite              |    14 |    30 |    15 ||    59
         Punch             |     2 |     2 |     1 ||     5
         Broad axe         |       |       |    33 ||    33
         Battleaxe         |       |       |   108 ||   108
 Invoke: Trog's Hand       |     1 |       |     4 ||     5
         Berserk           |     1 |       |     3 ||     4
    Use: Scroll            |       |       |    13 ||    13
         Potion            |       |       |     2 ||     2
 Armour: Animal skin       |     5 |       |       ||     5
         Leather armour    |    29 |       |       ||    29
         Chain mail        |    19 |    38 |       ||    57
         Plate armour      |       |   105 |   210 ||   315
  Dodge: Dodged            |    71 |    92 |    77 ||   240

Table legend: (Time is in decaauts)
 A = Elapsed time spent in this place.
 B = Non-inter-level travel time spent in this place.
 C = Inter-level travel time spent in this place.
 D = Time resting spent in this place.
 E = Time spent auto-exploring this place.
 F = Levels seen in this place.
 G = Mean time per level.
                   A        B        C        D        E       F      G
               +--------+--------+--------+--------+--------+-----+--------+
         Total |   6600 |   6114 |    486 |    173 |   4747 |   8 |  825.0 |
       Dungeon |   6600 |   6114 |    486 |    173 |   4747 |   8 |  825.0 |
               +--------+--------+--------+--------+--------+-----+--------+

Top non-repeatable levels by time:
     D:7: 1426 daAuts
     D:4: 1139 daAuts
     D:1: 1054 daAuts
     D:3: 1025 daAuts
     D:5: 795 daAuts
     D:2: 613 daAuts
     D:6: 503 daAuts
     D:8: 42 daAuts
